AoeStats
← TQLeo

Socotra

505992914Analyzed
2v2 RM · 20d ago on Sep 11, 2026· 45m 28s· 4 players
Game mode
Random Map
Map size
Tiny (2 player)
Population
200
Speed
Normal
Resources
Standard
Victory
Conquest
Starting age
Dark Age
Ending age
Imperial Age
RankedLock teamsTeams togetherTeam positionsShared explorationLock speedFull tech treeHidden civsTurbo modeCheats
Victory
Defeat
🇦🇷 Khitans · Argentina
1540
+19
🇦🇷 Vikings · Argentina
1533
+19
🇵🇪 Bulgarians · Peru
1656
-21
🇦🇷 Shu · Argentina
1547
-17
DGHIR | Lord Ringo
5:22 Loom
11:02 Feudal Age
11:04 Man-at-Arms
16:01 Fletching
16:28 Double-Bit Axe
22:58 Castle Age
21:37 Padded Archer Armor
21:51 Gold Mining
23:55 Bodkin Arrow
23:44 Crossbowman
26:56 Bow Saw
28:38 Ballistics
34:25 Leather Archer Armor
35:55 Town Watch
40:28 Imperial Age
39:30 Gold Shaft Mining
41:23 Bracer
42:49 Chemistry
43:38 Arbalester
DGHIR | Cacique Campero
0:45 Loom
20:00 Feudal Age
23:50 Castle Age
21:55 Domestication
24:08 Forging
24:01 Light Cavalry
24:50 Scale Barding Armor
25:52 Gold Mining
27:10 Chain Barding Armor
27:29 Double-Bit Axe
29:43 Pastoralism
33:01 Husbandry
36:11 Wheelbarrow
39:55 Imperial Age
42:11 Plate Barding Armor
41:49 Heavy Camel Rider
TQLeo
4:06 Loom
12:31 Feudal Age
13:25 Double-Bit Axe
14:09 Fletching
17:18 Wheelbarrow
16:51 Padded Archer Armor
18:56 Town Watch
24:09 Castle Age
22:36 Gold Mining
24:14 Crossbowman
24:51 Bodkin Arrow
26:25 Leather Archer Armor
25:53 Elite Skirmisher
27:41 Ballistics
32:41 Hand Cart
36:24 Thumb Ring
39:42 Imperial Age
39:17 Horse Collar
40:20 Bow Saw
40:10 Heavy Plow
40:31 Bracer
41:50 Chemistry
41:31 Ring Archer Armor
41:12 Arbalester
43:30 Masonry
44:41 Siege Engineers
GB | Renzo
6:41 Loom
9:26 Feudal Age
21:20 Double-Bit Axe
24:46 Wheelbarrow
25:56 Town Watch
29:33 Castle Age
28:24 Scale Barding Armor
28:30 Forging
29:18 Bloodlines
29:19 Horse Collar
30:46 Chain Barding Armor
32:17 Gold Mining
34:45 Hand Cart
36:11 Bow Saw
37:54 Iron Casting
40:34 Masonry
40:52 Husbandry
44:00 Heavy Plow
Connection lost

Rejoining the realm…

Still unreachable

The connection could not be restored.

Session expired

The server has moved on; the page needs a fresh start.